AoeStats
← GN_Anubis

Arabia

503866662Analyzed
2v2 RM · 1mo ago on Sep 2, 2026· 40m 29s· 4 players
Game mode
Random Map
Map size
Medium (4 player)
Population
200
Speed
Normal
Resources
Standard
Victory
Conquest
Starting age
Dark Age
Ending age
Imperial Age
RankedLock teamsTeams togetherTeam positionsShared explorationLock speedFull tech treeHidden civsTurbo modeCheats
Victory
Defeat
🇭🇺 Magyars · Hungary
1548
+12
🇭🇺 Ethiopians · Hungary
1477
+15
🇦🇷 Magyars · Argentina
1476
-14
🇨🇳 Maya · China
1427
-12
GN_Anubis
7:17 Loom
9:38 Feudal Age
10:13 Double-Bit Axe
13:54 Fletching
17:24 Scale Mail Armor
18:16 Horse Collar
25:38 Castle Age
25:57 Crossbowman
26:32 Bodkin Arrow
27:10 Padded Archer Armor
26:32 Pikeman
29:46 Wheelbarrow
30:17 Ballistics
31:51 Bow Saw
31:33 Gold Mining
33:50 Padded Archer Armor
34:10 Chain Mail Armor
34:12 Heavy Plow
34:51 Gold Shaft Mining
35:55 Thumb Ring
36:09 Town Watch
36:37 Light Cavalry
37:28 Bloodlines
76561199114178359
0:26 Loom
9:33 Feudal Age
10:14 Double-Bit Axe
15:04 Fletching
16:40 Padded Archer Armor
22:53 Castle Age
20:46 Gold Mining
21:56 Horse Collar
22:53 Wheelbarrow
22:57 Crossbowman
23:33 Bodkin Arrow
23:59 Bow Saw
24:43 Ballistics
25:19 Leather Archer Armor
26:05 Thumb Ring
34:06 Stone Mining
37:06 Imperial Age
35:35 Scale Mail Armor
35:45 Forging
36:48 Squires
36:09 Eagle Warrior
37:10 Heavy Plow
38:19 Holcans
38:12 Conscription
38:20 Chain Mail Armor
38:41 Iron Casting
39:48 Plate Mail Armor
39:20 Bracer
39:19 Arbalester
40:20 Elite Eagle Warrior
[S3nS3] Gróf
8:13 Loom
10:18 Feudal Age
11:23 Double-Bit Axe
12:32 Fletching
23:19 Wheelbarrow
25:25 Castle Age
23:31 Horse Collar
27:06 Crossbowman
27:51 Thumb Ring
27:42 Bodkin Arrow
27:48 Padded Archer Armor
34:14 Ballistics
34:37 Gold Mining
37:27 Bow Saw
41:24 Imperial Age
40:04 Gold Shaft Mining
41:16 Leather Archer Armor
MadeinIron
6:18 Loom
8:50 Feudal Age
9:40 Double-Bit Axe
20:34 Castle Age
20:29 Bloodlines
20:24 Scale Barding Armor
21:37 Chain Barding Armor
21:29 Light Cavalry
29:00 Horse Collar
35:36 Corvinian Army
35:57 Husbandry
36:46 Bow Saw
37:42 Wheelbarrow
37:00 Gold Mining
Connection lost

Rejoining the realm…

Still unreachable

The connection could not be restored.

Session expired

The server has moved on; the page needs a fresh start.